 Dungeon Crawl Stone Soup version 0.30.1-11-g7821555f0a (webtiles) character file.

Game seed: 17920605537046818878

417 jagang the Trooper (level 6, -3/51 HPs)
             Began as a Barachi Monk on Dec 20, 2023.
             Was a Believer of the Shining One.
             Slain by Edmund
             ... wielding a +1 dire flail of protection
              (7 damage)
             ... on level 5 of the Dungeon.
             The game lasted 00:07:58 (3895 turns).

jagang the Trooper (Barachi Monk)                   Turns: 3895, Time: 00:07:59

Health: -3/51      AC:  9    Str: 12    XL:     6   Next: 92%
Magic:  6/6        EV:  7    Int: 10    God:    the Shining One [**....]
Gold:   194        SH:  6    Dex: 17    Spells: 5/5 levels left

rFire   . . .        a - +0 falchion
rCold   . . .        d - orb {light}
rNeg    + . .        q - +0 chain mail
rPois   .            (no helmet)
rElec   .            (no cloak)
rCorr   .            (no gloves)
SInv    .            (no boots)
Will    +....        (no amulet) Stlth
                     g - ring of willpower
HPRegen 0.28/turn    (no ring)
MPRegen 0.10/turn

%: no passive effects
@: divinely shielded, unable to hop, glowing, slow
A: amphibious, slowness 1, strong legs 1, +LOS
a: Hop, Renounce Religion, Divine Shield


You were on level 5 of the Dungeon.
You worshipped the Shining One.
The Shining One was pleased with you.
You visited 2 branches of the dungeon, and saw 6 of its levels.
You also visited: Sewer.

You collected 194 gold pieces.

Inventory:

Hand Weapons
 a - a +0 falchion (weapon)
Missiles
 k - 17 poisoned darts (quivered)
 m - 6 javelins
 v - 2 boomerangs
Armour
 d - an orb of light (worn)
 q - a +0 chain mail (worn)
 r - a +0 ring mail of poison resistance
Jewellery
 g - a ring of willpower (left hand)
Wands
 y - a wand of flame (15)
Scrolls
 b - 2 scrolls of amnesia
 i - a scroll of teleportation
 l - 2 scrolls of fog {unknown}
 n - 3 scrolls of immolation
 o - 3 scrolls of blinking
 p - 2 scrolls of enchant armour {unknown}
 t - 2 scrolls of fear {unknown}
 u - a scroll of brand weapon {unknown}
 w - a scroll of torment {unknown}
 x - a scroll of magic mapping {unknown}
 z - a scroll of summoning {unknown}
Potions
 c - 3 potions of ambrosia
 e - 4 potions of curing {unknown}
 f - 4 potions of berserk rage {unknown}
 h - a potion of degeneration {unknown}
 j - 2 potions of lignification {unknown}
 s - a potion of attraction {unknown}
 A - a potion of heal wounds {unknown}


   Skills:
 + Level 5.6 Fighting
 + Level 5.5 Long Blades
 + Level 2.8 Throwing
 + Level 3.9 Armour
 - Level 3.2 Dodging


You had 5 spell levels left.
You didn't know any spells.
Your spell library was empty.

Dungeon Overview and Level Annotations

Branches:
Dungeon (5/15)             Temple (1/1) D:4           Sewer (visited)

Altars:
Cheibriados
Dithmenos
Elyvilon
Fedhas
Gozag
Kikubaaqudgha
Makhleb
Qazlal
Ru
Sif Muna
Vehumet
Wu Jian
Yredelemnul
Zin
The Shining One

Annotations:
D:5 Edmund


Innate Abilities, Weirdness & Mutations

You are amphibious.
You cover ground slowly.
You can hop short distances.
You have an extended range of vision and can be seen from far away.


Message History

Hop to where?
Press: ? - help, Dir - move target Boing!
Your shield is strengthened by the Shining One's divine power.
You are confused.
You feel invigorated.
Edmund hits you with a +1 dire flail of protection.
Edmund hits you with a +1 dire flail of protection!
* * * LOW HITPOINT WARNING * * *
You bump into the rock wall.
You feel less invigorated.
You feel less confused.
Edmund hits you with a +1 dire flail of protection.
* * * LOW HITPOINT WARNING * * *
You hit Edmund.
Edmund is lightly wounded.
Edmund barely misses you.
You hit Edmund but do no damage.
Edmund is lightly wounded.
Edmund barely misses you.
You hit Edmund.
Edmund is lightly wounded.
Edmund barely misses you.
You completely miss Edmund.
Edmund is lightly wounded.
Edmund hits you with a +1 dire flail of protection.
* * * LOW HITPOINT WARNING * * *
You hit Edmund but do no damage.
Edmund is lightly wounded.
You block Edmund's attack.
You hit Edmund.
Edmund is lightly wounded.
Edmund barely misses you.
You hit Edmund.
Edmund is moderately wounded.
Edmund hits you with a +1 dire flail of protection!
* * * LOW HITPOINT WARNING * * *
You hit Edmund.
Edmund is moderately wounded.
Edmund hits you with a +1 dire flail of protection!
You die...

.....~~..~..≈~...##...##..
......≈~.....≈~~..#..#...#.
. ....##≈~.~~##............
.. ....
#~~.~~##.#.......##...#
..^...........#............#
.........###.#.#.#.###....#
.......# .####....##....#
.......#..###@#..##....#
#...... ## #@#..@.....##
###... ####.l.....#
.....#.##..# ##...#..# #..#
.J..#.#.# .... .....#####
....# ....# ..## ##.. ..# .
..


You could see Edmund.

Vanquished Creatures
  An ogre (D:4)
  A kobold brigand (Sewer)
  A howler monkey (D:5)
  An iguana (D:4)
  An orc wizard (D:4)
  7 adders (Sewer)
  2 river rats (Sewer)
  An ufetubus (D:5)
  4 worms
  A dart slug (D:1)
  3 orcs (D:4)
  7 ball pythons
  6 bats
  6 endoplasms
  2 giant cockroaches
  4 hobgoblins
  6 jackals
  5 frilled lizards
  5 goblins
  10 kobolds
  11 rats
85 creatures vanquished.

Notes
Turn   | Place    | Note
-------+----------+-------------------------------------------
     0 | D:1      | jagang the Barachi Monk began the quest for the Orb.
     0 | D:1      | Reached XP level 1. HP: 18/18 MP: 1/1
   247 | D:1      | Reached skill level 1 in Armour
   247 | D:1      | Reached XP level 2. HP: 25/25 MP: 2/2
   801 | D:2      | Reached XP level 3. HP: 30/30 MP: 3/3
  1836 | D:3      | Found an opulent altar of Gozag.
  2172 | D:4      | Reached skill level 1 in Throwing
  2172 | D:4      | Reached XP level 4. HP: 8/38 MP: 4/4
  2314 | D:4      | Found an ornate altar of the Wu Jian Council.
  2584 | D:4      | Noticed an ogre
  2597 | D:4      | Killed an ogre
  2598 | D:4      | Reached skill level 5 in Fighting
  2598 | D:4      | Reached XP level 5. HP: 26/44 MP: 5/5
  2880 | D:4      | Found a staircase to the Ecumenical Temple.
  2885 | Temple   | Entered the Ecumenical Temple
  2934 | Temple   | Became a worshipper of the Shining One
  2934 | Temple   | Reached * piety under the Shining One
  2934 | Temple   | Reached ** piety under the Shining One
  3062 | D:5      | Entered Level 5 of the Dungeon
  3138 | D:5      | Found a stormy altar of Qazlal.
  3149 | D:5      | Reached skill level 5 in Long Blades
  3154 | D:5      | Found a glowing drain.
  3189 | Sewer    | Entered a sewer
  3225 | Sewer    | Reached XP level 6. HP: 51/51 MP: 6/6
  3867 | D:5      | Noticed Edmund
  3895 | D:5      | Slain by Edmund

Illustrated notes

Levels and vault maps discovered:
D:1:      dpeg_arrival_fog, layout_basic, st_stairs_2
D:2:      layout_basic, corexii_shack
D:3:      layout_basic, general_overflow_altar, serial_bayou_crossing
D:4:      layout_gridville, mainiacjoe_overflow_paths,
          minmay_temple_entry_nine_rooms, hex_tiny
D:5:      layout_layer_cave, grunt_qazlal_clouds, cheibrodos_sewer_entry_sluice,
          uniq_edmund
Temple:   nicolae_temple_hex_pool

Skill      XL: |  1  2  3  4  5 |
---------------+----------------+-----
Armour         | 1 2 3 |  3.9
Fighting       | 4 5 |  5.6
Long Blades    | 4 5 |  5.5
Throwing       | 1 2 |  2.8
Dodging        | |  3.2

Action                     |  1- 3 |  4- 6 || total
---------------------------+-------+-------++-------
  Melee: Falchion          |   105 |   158 ||   263
  Throw: Dart              |       |    11 ||    11
 Invoke: Divine Shield     |       |     1 ||     1
Ability: Hop               |       |     2 ||     2
    Use: Scroll            |       |     4 ||     4
         Potion            |       |     1 ||     1
 Armour: Robe              |     4 |       ||     4
         Scale mail        |    12 |       ||    12
         Chain mail        |    23 |    79 ||   102
  Dodge: Dodged            |    49 |    70 ||   119
  Block: Orb               |       |     1 ||     1
